Map: Blackpink LE

Players

TLO

  • Race: Zerg Zerg
  • Spawn Location: 1:00

Patience - Winner!

  • Race: Protoss Protoss
  • Spawn Location: 7:00

Event: IEM Season 12 - Katowice

VOD

Have the link to the VOD?

Description

Time

  • Played on: Feb. 27, 2018, 8:53 a.m.
  • Length: 8:22

All games in this series

Show
View Real Time Build Order
Export as new Build Order

TLO Zerg 

Build Orders: Hatch First 

Get SALT Encoding   

  12  0:00  Drone  
  13  0:12  Overlord  
  13  0:16  Drone  
  14  0:31  Drone x2  
  16  0:48  Hatchery  
  15  0:51  Drone  
  15  0:55  Drone  
  17  1:08  Spawning Pool  
  17  1:11  Drone  
  17  1:15  Drone  
  17  1:18  Drone  
  19  1:28  Drone  
  20  1:39  Overlord  
  20  1:43  Extractor  
  19  1:50  Drone  
  20  1:55  Queen  
  20  2:00  Queen, Zergling x2  
  25  2:01  Drone  
  26  2:12  Drone  
  26  2:13  Drone  
  28  2:22  Drone  
  29  2:23  Drone  
  30  2:33  Queen  
  30  2:34  Overlord  
  32  2:46  Drone  
  32  2:47  Hatchery  
  32  2:50  Drone  
  32  2:51  Drone  
  34  2:54  Metabolic Boost  
  34  2:57  Zergling x2  
  34  2:58  Zergling x2  
  36  3:04  Drone  
  37  3:09  Drone  
  37  3:10  Drone  
  38  3:13  Spore Crawler, Drone  
  38  3:15  Drone  
  38  3:19  Drone  
  39  3:21  Drone  
  39  3:25  Drone  
  40  3:31  Overlord  
  40  3:35  Spore Crawler  
  40  3:38  Overlord  
  39  3:45  Overlord  
  39  3:52  Spore Crawler  
  39  3:53  Drone x2  
  39  3:54  Drone x3  
  39  3:55  Drone  
  44  3:56  Drone  
  44  3:59  Drone  
  46  4:04  Baneling Nest  
  46  4:05  Drone  
  46  4:10  Drone  
  46  4:11  Queen  
  46  4:15  Drone x2  
  51  4:18  Drone x2  
  51  4:22  Drone  
  51  4:23  Drone  
  51  4:24  Drone  
  56  4:25  Drone  
  56  4:28  Drone  
  58  4:32  Overlord  
  58  4:33  Zergling x2  
  58  4:35  Drone  
  58  4:36  Zergling x2  
  60  4:41  Zergling x2  
  60  4:42  Overlord  
  61  4:47  Drone, Roach Warren  
  61  4:48  Drone, Extractor  
  61  4:49  Zergling x2  
  61  4:50  Drone  
  61  4:51  Zergling x2  
  61  4:52  Zergling x2  
  64  4:55  Zergling x2  
  64  4:56  Zergling x4  
  64  4:58  Baneling x4  
  64  4:59  Zergling x2  
  68  5:06  Zergling x4  
  70  5:09  Zergling x2  
  71  5:14  Drone  
  71  5:16  Drone  
  71  5:18  Drone  
  71  5:19  Drone  
  71  5:20  Drone  
  71  5:21  Lair  
  71  5:22  Drone  
  71  5:25  Drone  
  71  5:26  Drone x2  
  71  5:27  Drone  
  71  5:28  Drone  
  77  5:33  Evolution Chamber  
  77  5:35  Drone  
  77  5:38  Overlord, Extractor x2  
  77  5:40  Overlord  
  77  5:41  Zergling x2  
  76  5:47  Roach  
  76  5:48  Roach x2  
  82  5:50  Overlord  
  82  5:54  Overlord  
  82  5:56  Overlord  
  80  6:00  Overlord  
  80  6:01  Roach  
  80  6:02  Roach x2  
  86  6:04  Zerg Missile Weapons Level 1  
  86  6:05  Roach  
  86  6:06  Roach  
  86  6:09  Roach  
  92  6:12  Roach  
  92  6:14  Roach  
  92  6:17  Overlord  
  98  6:18  Roach, Overlord  
  98  6:19  Roach  
  98  6:21  Roach  
  98  6:25  Overlord  
  102  6:26  Drone  
  102  6:27  Extractor, Zergling x4  
  102  6:31  Glial Reconstitution  
  101  6:33  Drone x3  
  101  6:34  Drone  
  101  6:35  Drone  
  101  6:36  Drone  
  101  6:37  Drone  
  101  6:38  Roach  
  101  6:39  Drone  
  111  6:41  Roach  
  111  6:42  Drone  
  111  6:44  Drone, Extractor  
  114  6:53  Roach  
  116  6:55  Roach  
  116  7:01  Roach x3  
  123  7:03  Roach x2, Hatchery  
  123  7:05  Pneumatized Carapace  
  126  7:08  Zergling x2  
  126  7:10  Roach  
  126  7:12  Roach  
  126  7:14  Roach  
  126  7:15  Roach  
  135  7:17  Baneling x2  
  135  7:19  Zergling x4  
  135  7:21  Roach  
  139  7:27  Roach x2  
  139  7:28  Ravager  
  146  7:30  Roach  
  146  7:33  Roach  
  146  7:34  Roach  
  146  7:35  Drone, Roach  
  146  7:37  Roach  
  138  7:39  Roach  
  138  7:41  Roach  
  138  7:44  Roach, Zergling x4  
  123  7:45  Roach  
  123  7:46  Roach  
  123  7:50  Roach  
  126  7:56  Roach  
  108  8:01  Roach  
Show
View Real Time Build Order
Export as new Build Order

Patience Protoss - Winner!

Build Orders: 1 Gate Expand, Phoenix Opening 

Get SALT Encoding   

  12  0:01  Probe  
  13  0:13  Probe  
  14  0:19  Pylon  
  14  0:25  Probe (Chrono Boost)  
  15  0:38  Probe (Chrono Boost)  
  15  0:39  Gateway  
  16  0:46  Probe (Chrono Boost)  
  16  0:47  Assimilator  
  17  0:52  Probe  
  18  1:04  Probe  
  19  1:16  Probe  
  20  1:25  Nexus  
  20  1:35  Cybernetics Core  
  20  1:38  Probe  
  21  1:43  Assimilator  
  21  1:50  Probe  
  21  1:53  Pylon  
  22  2:02  Probe (Chrono Boost)  
  23  2:10  Adept (Chrono Boost)  
  23  2:14  Probe (Chrono Boost)  
  26  2:18  Stargate  
  26  2:22  Probe (Chrono Boost)  
  27  2:27  Warp Gate  
  27  2:29  Pylon  
  27  2:31  Probe  
  28  2:38  Adept  
  28  2:41  Probe  
  31  2:47  Probe  
  32  2:53  Probe  
  33  2:59  Probe  
  33  3:01  Phoenix (Chrono Boost)  
  36  3:05  Probe  
  36  3:11  Probe  
  38  3:17  Probe  
  39  3:23  Probe, Twilight Council  
  39  3:25  Adept  
  40  3:30  Probe  
  40  3:31  Gateway  
  41  3:35  Gateway  
  41  3:38  Probe (Chrono Boost)  
  42  3:41  Pylon  
  42  3:46  Probe (Chrono Boost)  
  43  3:50  Pylon  
  43  3:52  Resonating Glaives (Chrono Boost)  
  45  3:55  Probe (Chrono Boost)  
  45  3:56  Probe (Chrono Boost), Pylon  
  45  3:59  Adept  
  45  4:01  Probe (Chrono Boost)  
  48  4:03  Probe  
  48  4:06  Assimilator  
  48  4:08  Assimilator  
  49  4:14  Probe  
  49  4:15  Probe  
  51  4:20  Robotics Facility  
  51  4:22  Forge  
  51  4:30  Probe x2  
  53  4:38  Pylon  
  53  4:41  Adept x3  
  53  4:42  Probe  
  53  4:45  Pylon  
  60  4:56  Protoss Ground Weapons Level 1  
  60  5:09  Gateway, Warp Prism (Chrono Boost)  
  60  5:11  Gateway  
  60  5:14  Gateway  
  62  5:19  Sentry x2  
  62  5:20  Sentry  
  66  5:27  Gateway x2  
  64  5:38  Nexus  
  64  5:42  Pylon  
  64  5:43  Observer (Chrono Boost)  
  64  5:46  Sentry  
  64  5:47  Sentry  
  64  5:49  Adept  
  71  5:54  Shield Battery  
  71  5:59  Immortal (Chrono Boost)  
  75  6:10  Sentry x3  
  81  6:29  Immortal (Chrono Boost)  
  85  6:32  Adept x2  
  85  6:33  Adept x2  
  85  6:38  Pylon  
  85  6:39  Pylon  
  93  6:47  Pylon  
  93  6:48  Pylon  
  93  6:51  Adept, Sentry  
  93  6:52  Adept, Sentry  
  93  6:53  Adept x2  
  105  7:00  Adept x2  
  109  7:19  Stalker x3  
  109  7:20  Stalker x2  
  117  7:38  Stalker x3  
  117  7:42  Stalker x2  
  99  8:00  Adept x4  
  99  8:01  Adept x2  

Tags
 
Add a new tag
Caveats
  • Supply blocks, unpowered buildings, or Contaminate may cause inaccurate times.
  • Supply counts are checked every 10 seconds.